 Dungeon Crawl Stone Soup version 0.31-a0-466-g98c9adc2b6 (webtiles) character file.

Game seed: 4013472283156855727

1800743 PaperRat the Djinni Child (level 27, 184/184 HPs)
             Began as a Djinni Fire Elementalist on Aug 5, 2023.
             Was a Follower of Hepliaklqana.
             Escaped with the Orb
             ... and 3 runes on Aug 6, 2023!
             The game lasted 05:08:55 (59849 turns).

PaperRat the Djinni Child (DjFE)                   Turns: 59849, Time: 05:08:56

Health: 184/184    AC: 19    Str: 11    XL:     27
Gold:   3630       EV: 27    Int: 34    God:    Hepliaklqana [*.....] SH: 10 Dex: 22

rFire   + + .        w - +9 falchion "X" {heavy, rElec rC+ Str+3 Int+4}
rCold   + + +        T - +3 buckler {AC+3}
rNeg    + . .        E - +3 leather armour "Winure" {Rampage rC+ Will+ Int+2}
rPois   ∞            t - +2 helmet
rElec   +            P - scarf {repulsion}
rCorr   .            r - +3 pair of gauntlets of War {Slay+5}
SInv    +            (boots unavailable)
Will    ++++.        (no amulet)
Stlth   +            V - ring of the Prince {Ice rN+ Will+ Slay+3 SInv}
HPRegen 1.30/turn    M - ring "Jylub" {rF+ rC+ Str+3 Dex+5 Slay-6}
MPRegen 0.00/turn

%: repel missiles, rampage
@: flying, studying Armour
A: reduced essence, sickness immunity, fire resistance 2, cold vulnerability 1,
float, innate caster, HP casting, extra vitality 1, mutation resistance 1,
regeneration 1, weak 1, MP-powered wands
0: Orb of Zot
}: 3/15 runes: decaying, slimy, gossamer
a: Renounce Religion, Recall Ancestor, Ancestor Identity


You escaped.
You worshipped Hepliaklqana.
Hepliaklqana was aware of your devotion.
You visited 11 branches of the dungeon, and saw 52 of its levels.
You visited 1 bazaar.
You also visited: Ice Cave.

You collected 9227 gold pieces.
You spent 5597 gold pieces at shops.

Inventory:

Hand Weapons
 q - a +9 demon blade of venom
 w - the +9 falchion "X" (weapon) {heavy, rElec rC+ Str+3 Int+4}
   (You found it on level 1 of the Spider Nest)

   Str:       It affects your strength (+3).
   Int:       It affects your intelligence (+4).
   rC:        It protects you from cold.
   rElec:     It insulates you from electricity.
Missiles
 F - 33 curare-tipped darts (quivered)
 S - 2 throwing nets {!f}
Armour
 r - the +3 pair of gauntlets of War (worn) {Slay+5}
   (You found it on level 8 of the Dungeon)

   Slay:      It affects your accuracy & damage with ranged weapons and melee
   (+5).
 t - a +2 helmet (worn)
 D - a +2 hat
 E - the +3 leather armour "Winure" (worn) {Rampage rC+ Will+ Int+2}
   (You took it off a rakshasa on level 15 of the Dungeon)

   Int:       It affects your intelligence (+2).
   rC:        It protects you from cold.
   Rampage:   It bestows one free step when moving towards enemies.
   Will:      It increases your willpower.
 P - a scarf of repulsion (worn)
 T - a +3 buckler of protection (worn)
 Y - a +1 cloak of willpower
Jewellery
 a - an amulet of faith
 e - an amulet of regeneration
 v - a ring of positive energy
 K - the ring of Nulythrol {rElec rN+ Will+++ rCorr Str-3}
   (You took it off a deep elf death mage on level 3 of the Elven Halls)

   [ring of positive energy]

   Str:       It affects your strength (-3).
   rElec:     It insulates you from electricity.
   rN:        It protects you from negative energy.
   rCorr:     It protects you from acid and corrosion.
   Will:      It greatly increases your willpower.
 M - the ring "Jylub" (right hand) {rF+ rC+ Str+3 Dex+5 Slay-6}
   (You bought it in a shop on level 2 of the Orcish Mines)

   [ring of protection from cold]

   Str:       It affects your strength (+3).
   Dex:       It affects your dexterity (+5).
   Slay:      It affects your accuracy & damage with ranged weapons and melee
   (-6).
   rF:        It protects you from fire.
   rC:        It protects you from cold.
 Q - a +6 ring of intelligence
 V - the ring of the Prince (left hand) {Ice rN+ Will+ Slay+3 SInv}
   (You took it off Josephina on level 4 of the Realm of Zot)

   [ring of ice]

   It enhances your ice magic.
   Slay:      It affects your accuracy & damage with ranged weapons and melee
   (+3).
   rF:        It makes you vulnerable to fire.
   rC:        It protects you from cold.
   rN:        It protects you from negative energy.
   SInv:      It lets you see invisible.
   Will:      It increases your willpower.
 W - the ring "Wayx" {Will+ rCorr MP+9 SInv, =R}
   (You bought it in a shop on level 2 of the Orcish Mines)

   [ring of see invisible]

   MP:        It affects your magic capacity (+9).
   SInv:      It lets you see invisible.
   rCorr:     It protects you from acid and corrosion.
   Will:      It increases your willpower.
Wands
 b - a wand of roots (46)
 c - a wand of acid (30)
 d - a wand of digging (8)
 n - a wand of paralysis (6)
 z - a wand of mindburst (10)
Scrolls
 f - 6 scrolls of fear {@r4}
 h - 25 scrolls of teleportation {@r3}
 o - 6 scrolls of vulnerability
 p - 3 scrolls of silence
 u - 4 scrolls of immolation
 x - 6 scrolls of poison
 y - 2 scrolls of enchant weapon
 A - 3 scrolls of blinking {@r5}
 H - 2 scrolls of revelation
 I - 2 scrolls of butterflies {@r6}
 N - 7 scrolls of fog {@r2}
 Z - a scroll of enchant armour
Potions
 g - 10 potions of lignification
 j - 4 potions of ambrosia
 k - 5 potions of invisibility
 l - 4 potions of haste {@q4}
 m - 11 potions of brilliance {@q5}
 s - 4 potions of might {@q3}
 B - 2 potions of berserk rage
 G - 12 potions of curing {@q1}
 J - 6 potions of cancellation
 L - 10 potions of mutation {@q7}
 O - 11 potions of enlightenment {@q6}
 R - 4 potions of resistance
 U - 11 potions of heal wounds {@q2}
Miscellaneous
 C - a tin of tremorstones (2/2)
 X - a sack of spiders


   Skills:
 - Level 20.0 Fighting
 - Level 14.0 Long Blades
 - Level 13.5 Armour
 - Level 20.0 Dodging
 - Level 4.0 Stealth
 - Level 8.0 Shields
 - Level 20.0 Spellcasting
 - Level 20.0 Conjurations
 - Level 20.0 Hexes
 - Level 20.0 Summonings
 - Level 20.0 Necromancy
 - Level 20.0 Translocations
 - Level 20.0 Transmutations
 - Level 20.0 Fire Magic
 - Level 20.0 Ice Magic
 - Level 20.0 Air Magic
 - Level 20.0 Earth Magic
 - Level 20.0 Poison Magic
 - Level 20.5 Invocations
 + Level 17.7 Evocations


You knew the following spells:

 Your Spells              Type           Power      Damage    Failure   Level
a - Fireball              Conj/Fire      53%        3d21      0%          5
b - Maxwell's Capacitive  Air            53%        ∞         2%          8
c - Summon Ice Beast      Ice/Summ       100%       N/A       0%          4
d - Inner Flame           Hex/Fire       100%       N/A       0%          3
e - Teleport Other        Tloc           100%       N/A       0%          3
f - Dispersal             Tloc           53%        N/A       1%          6
g - Passwall              Tmut/Erth      88%        N/A       0%          2
h - Volatile Blastmotes   Fire/Tloc      100%       2d18      0%          3
i - Scorch                Fire           100%       2d9       0%          2
j - Fire Storm            Conj/Fire      53%        8d13      38%         9
k - Shatter               Erth           53%        3d40*     38%         9
o - Lesser Beckoning      Tloc           100%       N/A       0%          2
p - Kiss of Death         Conj/Necr      100%       2d13      0%          1
q - Foxfire               Conj/Fire      100%       2x1d9     0%          1
s - Flame Wave            Conj/Fire      100%       2d21      0%          4
v - Malign Gateway        Summ/Tloc      53%        N/A       1%          7
w - Summon Horrible Thin  Summ           53%        N/A       2%          8
x - Monstrous Menagerie   Summ           53%        N/A       1%          7
Your spell library was empty.

Dungeon Overview and Level Annotations

Branches:
Dungeon (15/15)            Temple (1/1) D:7            Lair (5/5) D:10
  Swamp (4/4) Lair:3       Spider (4/4) Lair:2        Slime (5/5) Lair:4
    Orc (2/2) D:10            Elf (3/3) Orc:2        Vaults (4/5) D:13
  Crypt (0/3) Vaults:2     Depths (4/4) D:15            Zot (5/5) Depths:4
  IceCv (visited)

Altars:
Ashenzari
Cheibriados
Dithmenos
Elyvilon
Fedhas
Gozag
Hepliaklqana
Makhleb
Nemelex Xobeh
Okawaru
Qazlal
Ru
Trog
Uskayaw
Wu Jian
Xom
Yredelemnul
Zin
The Shining One
Jiyva

Shops:
D:7 ?   D:8 [   D:9 :   D:12 [   Orc:2 [?=[!   Elf:1 :   Vaults:2 !
Vaults:3 (   Zot:1 *   Depths:4 :==

Portals:
Hell: Depths:1 Depths:2 Depths:3 Depths:4
Abyss: Depths:3 Depths:4
Pandemonium: Depths:2 Depths:3
Ziggurat: Depths:4
Trove: D:13 (give 4 potions of resistance)

Annotations:
Elf:2 2 runed translucent doors
Zot:2 3 runed translucent doors, Beuseq's ghost, master GnFi


Innate Abilities, Weirdness & Mutations

Your life essence is reduced to manifest your ancestor. (-10% HP)
You are immune to sickness and miasma.
You are immune to poison.
Your flesh is very heat resistant. (rF++)
You are vulnerable to cold. (rC-)
You float through the air rather than walking.
You learn spells naturally, not from books.
Your magical power is your life essence.
You have superior vitality. (+4 MHP)
You are somewhat resistant to further mutation.
Your natural rate of healing is unusually fast.
You are weak. (Str -2)
You expend health (3 HP) to strengthen your wands.


Message History

You feel a surge of divine interest.
a - an amulet of faith (around neck) Hepliaklqana grants Doppler healing and protection!
Really remove
a - an amulet of faith?
You start removing your amulet.
You continue taking off your amulet of faith.
HP restored.
You continue taking off your amulet of faith. x3
You finish taking off your amulet of faith.
Hepliaklqana seems less interested in you.
You feel less pious.
You no longer drain nearby creatures when transferring your ancestor.
Really put on
a - an amulet of faith?
You start putting on your amulet.
You continue putting on your amulet of faith. x5
You finish putting on your amulet of faith.
You feel a surge of divine interest.
a - an amulet of faith (around neck) Really remove
a - an amulet of faith?
You start removing your amulet.
You continue taking off your amulet of faith. x3
Doppler loses the glow of perfection.
You continue taking off your amulet of faith.
You finish taking off your amulet of faith.
Hepliaklqana seems less interested in you.
You feel less pious.
You can no longer swap creatures with your ancestor.
Really put on
a - an amulet of faith?
You start putting on your amulet.
You continue putting on your amulet of faith. x5
You finish putting on your amulet of faith.
You feel a surge of divine interest.
a - an amulet of faith (around neck) Really remove
a - an amulet of faith?
You start removing your amulet.
You continue taking off your amulet of faith. x4
You finish taking off your amulet of faith.
Hepliaklqana seems less interested in you.
You feel less pious.
You have escaped!

# #####............§##..........
# #.....####........°§☼.........
# ##...#.####..♣♣.♣.§§°§.........
###..###.§§⌠♣.♣.♣.♣♣.§######.##.#
.....# ###☼☼♣♣.∩.∩♣.♣☼♣## ##.##)#
.##..# ##♣♣§♣∩...∩.♣♣..###..##.#
....## #..♣§§§.8..∩♣♣.♣.##.###.#
....# #♣♣.§.......∩.♣♣.##.###.#
....# ♣♣..8.@.8......#..##...
....# ♣☼...R...∩♣.♣...###...
....# ♣§§§.8..∩☼♣.♣...#.....
....# #♣♣§♣∩.☼.∩♣○♣♣#.....#..÷
##### #§§♣♣§°.∩♣.♣§♣#..#####..
####.○.♣♣..♣○⌠§##.........
########.°..°§♣.♣♣..§○§§.........
.........§##○#.##..§§.§.....###..
.............#..........#....##..


You could see the friendly Doppler the knight (reflecting).

Vanquished Creatures
  the Royal Jelly (Slime:5)
  Mara (Depths:1)
  2 ancient liches (Zot:5)
  11 orbs of fire
  A juggernaut (Depths:2)
  Josephina (Zot:4)
  Sojobo (Depths:2)
  Bai Suzhen (Depths:2)
  2 Killer Klowns (Zot:5)
  Margery (Depths:3)
  A curse toe (Zot:3)
  8 golden dragons
  Nikola (Spider:1)
  the Enchantress (Depths:1)
  2 bone dragons
  3 electric golems
  2 doom hounds (Zot:3)
  The ghost of muxecoid the Covert, an adept GnEE of Okawaru (Spider:4)
  20 tentacled monstrosities
  3 liches
  25 Orb Guardians
  A deep elf blademaster (Elf:3)
  2 titans
  5 sphinxes
  6 quicksilver dragons
  An Executioner (Depths:1)
  8 death cobs
  2 tengu reavers (Depths:2)
  5 acid blobs
  Kirke (D:15)
  11 storm dragons
  9 shadow dragons
  Donald (Swamp:4)
  Aizul (Vaults:4)
  3 draconian monks
  2 rockslimes (Slime:4)
  Roxanne (Spider:1)
  5 azure jellies
  A demonspawn warmonger (Depths:1)
  A draconian knight (Depths:4)
  4 fire giants
  4 frost giants
  A deep elf sorcerer (Vaults:3)
  9 draconian scorchers
  7 ghost moths
  9 emperor scorpions
  3 deep elf elementalists
  2 vault wardens
  3 draconian shifters
  An angel (D:4)
  6 spriggan defenders
  5 draconian annihilators
  A cacodemon (D:15)
  A quicksilver ooze (Slime:3)
  18 very ugly things
  2 ghouls
  A reaper (Depths:1)
  6 ironbound preservers
  4 formless jellyfish
  2 ironbound thunderhulks
  2 draconian stormcallers
  5 stone giants
  2 vampire knights
  The ghost of Shym the Basher, a journeyman DgFi (D:12)
  9 black draconians
  7 green draconians
  6 deep elf demonologists
  A demonspawn black sun (Depths:1)
  11 yellow draconians
  9 purple draconians
  8 red draconians
  A deep elf annihilator (Elf:3)
  3 eleionomae (Swamp:4)
  A dire elephant (Vaults:4)
  15 spark wasps
  11 white draconians
  An ettin (shapeshifter) (Zot:4)
  3 bunyips
  2 blizzard demons
  2 deep elf death magi (Elf:3)
  A shambling mangrove (Swamp:4)
  9 fire dragons
  10 ettins
  5 entropy weavers
  2 rakshasas
  17 hydras
  12 great orbs of eyes
  5 yaktaur captains
  A peacekeeper (Vaults:4)
  A ghost crab (Swamp:4)
  5 deep elf high priests
  3 jorogumos
  8 ice dragons
  3 catoblepae (Lair:5)
  A hell beast (Depths:3)
  A hydra (shapeshifter) (Depths:2)
  An ogre mage (D:15)
  5 radroaches
  5 tengu warriors
  11 spriggan air magi
  4 dancing weapons
  2 boulder beetles
  A death knight (Vaults:2)
  8 two-headed ogres
  5 alligators
  5 centaur warriors
  7 ironbound frosthearts
  5 deep troll shamans
  7 deep troll earth magi
  An alligator (shapeshifter) (Depths:2)
  3 orc high priests (Orc:2)
  A two-headed ogre (shapeshifter) (Elf:2)
  6 death yaks (Lair:5)
  4 spriggan berserkers
  7 demonic crawlers
  7 hell knights (Depths:4)
  A spectral emperor scorpion (Spider:4)
  16 spriggans
  16 deep elf knights
  2 skysharks
  A spectral ghost moth (Spider:4)
  A sixfirhy (D:10)
  3 iron trolls
  A skeletal warrior (D:12)
  6 goliath frogs
  5 spriggan druids
  5 pharaoh ants
  3 flayed ghosts
  A spectral wolf spider (Spider:4)
  10 orb spiders
  A shadow demon (D:11)
  An orange crystal statue (IceCv)
  6 bog bodies
  9 deep elf archers
  A golden dragon skeleton (Depths:2)
  10 ironbound convokers
  28 deep trolls
  4 glowing orange brains
  An obsidian statue (Zot:5)
  4 swamp dragons
  11 necromancers
  A phantasmal warrior (Vaults:3)
  5 steelbarb worms
  4 lindwurms (Vaults:2)
  8 wizards
  26 deep elf zephyrmancers
  17 wolf spiders
  5 orc knights
  29 ugly things
  16 deep elf pyromancers
  5 orc sorcerers
  A sphinx skeleton (Depths:2)
  A faun (shapeshifter) (Depths:4)
  A cyclops (D:12)
  2 will-o-the-wisps
  33 moths of wrath
  A tengu skeleton (Depths:1)
  16 vault sentinels
  15 elephants
  A manticore (Lair:5)
  A smoke demon (Depths:3)
  A gargoyle (D:11)
  11 cane toads
  2 ice statues (Spider:4)
  A cane toad (shapeshifter) (D:15)
  5 black mambas
  4 torpor snails
  A storm dragon simulacrum (Zot:4)
  An orange demon (D:12)
  An emperor scorpion simulacrum (Spider:4)
  3 kobold demonologists
  A freezing wraith (IceCv)
  An anaconda simulacrum (IceCv)
  11 yaktaurs
  2 komodo dragons (Lair:1)
  A golden dragon simulacrum (Zot:4)
  3 tengu conjurers
  A red devil (D:13)
  9 trolls
  A bloated husk (Swamp:1)
  7 tyrant leeches
  A polar bear (Lair:2)
  A blink frog (shapeshifter) (D:8)
  17 hornets
  2 hellwings
  20 tarantellas
  A draconian simulacrum (Zot:4)
  4 blink frogs (Lair:5)
  18 culicivoras
  50 slime creatures
  5 shadows
  A dire elephant simulacrum (IceCv)
  A spriggan (shapeshifter) (D:14)
  A centaur simulacrum (D:12)
  2 air elementals
  2 wraiths (D:12)
  2 vampires (D:12)
  23 jumping spiders
  54 yaks
  4 basilisks
  A nameless horror (Slime:3)
  2 water elementals
  4 wyverns
  A hog (shapeshifter) (D:13)
  2 fire elementals
  A human (D:15)
  4 golden eyes
  A neqoxec (D:8)
  3 hogs (D:15)
  A chaos spawn (D:9)
  13 vampire mosquitoes
  50 redbacks
  A spectral entropy weaver (Spider:4)
  2 wargs (Orc:2)
  3 acid dragons
  A hydra simulacrum (IceCv)
  12 swamp worms
  2 hell hounds (Spider:2)
  3 floating eyes
  A moth of wrath simulacrum (Zot:4)
  11 water moccasins
  A floating eye (shapeshifter) (D:8)
  An ice beast (D:8)
  6 swamp drakes (Swamp:4)
  2 alligator simulacra (IceCv)
  21 orc warriors
  3 black bears
  A boggart (shapeshifter) (D:8)
  6 wolves
  3 boggarts (Vaults:1)
  An ettin simulacrum (IceCv)
  4 ogres
  2 centaurs
  A kobold brigand (D:9)
  7 bullfrogs
  3 scorpions
  6 wights
  A lindwurm simulacrum (IceCv)
  8 killer bees
  12 howler monkeys
  4 electric eels
  2 lava snakes (D:9)
  6 hounds
  A gnoll bouda (D:4)
  15 orc priests
  Jessica (D:2)
  A sleepcap (D:5)
  3 iguanas
  18 orc wizards
  2 adders
  20 gnolls
  An ufetubus (D:5)
  3 worms (D:3)
  5 dart slugs
  75 orcs
  6 ball pythons
  8 endoplasms
  4 giant cockroaches (D:4)
  11 goblins
  8 hobgoblins
  3 jackals (D:5)
  16 kobolds
  7 quokkas
  6 bats
  3 frilled lizards
  4 rats (D:1)
  A spectral weapon (Depths:1)
1576 creatures vanquished.

Vanquished Creatures (collateral kills)
  A juggernaut (Depths:1)
  Mennas (Depths:3)
  Xtahua (Vaults:4)
  2 golden dragons
  A bone dragon (Zot:4)
  A doom hound (Zot:3)
  Rupert (Orc:2)
  Jorgrun (Lair:3)
  4 tentacled monstrosities
  2 titans
  A deep elf blademaster (Elf:3)
  Asterion (Depths:1)
  2 Orb Guardians (Zot:5)
  A walking divine tome (Depths:2)
  2 quicksilver dragons
  Grunn (Zot:3)
  14 acid blobs
  A walking frostbound tome (Depths:1)
  2 liches
  2 deep elf master archers (Elf:3)
  2 death cobs (Zot:2)
  An Executioner (D:11)
  2 sphinxes
  2 shadow dragons
  2 eldritch tentacles
  A tengu reaver (Depths:2)
  A draconian monk (Zot:3)
  8 azure jellies
  A fenstrider witch (Swamp:3)
  An iron dragon (Elf:1)
  5 fire giants
  12 rockslimes
  2 deep elf sorcerers (Elf:3)
  A draconian knight (Zot:1)
  6 frost giants
  3 deep elf elementalists (Elf:3)
  2 vault wardens (Vaults:1)
  A draconian shifter (Depths:4)
  A caustic shrike zombie (Depths:2)
  A draconian scorcher (Zot:2)
  3 ghost moths
  An orc warlord (Orc:1)
  4 very ugly things
  A spriggan defender (Depths:1)
  2 draconian stormcallers
  A draconian annihilator (Depths:4)
  3 ironbound preservers
  4 stone giants
  A very ugly thing (shapeshifter) (Depths:1)
  11 quicksilver oozes
  4 vampire knights
  4 ironbound thunderhulks
  A formless jellyfish (Slime:1)
  2 war gargoyles
  A black draconian (Zot:4)
  3 deep elf demonologists (Elf:3)
  Azrael (Spider:2)
  A red draconian (Zot:1)
  A green draconian (Zot:4)
  A bunyip (Swamp:3)
  6 deep elf annihilators
  2 white draconians (Zot:4)
  2 purple draconians
  5 yellow draconians
  A lorocyproca (Depths:1)
  6 dire elephants
  4 spark wasps
  An eidolon (Vaults:2)
  2 entropy weavers
  2 crystal guardians
  5 deep elf death magi
  2 deep elf high priests
  A blizzard demon (Depths:1)
  2 ettins
  5 yaktaur captains
  A shambling mangrove (Swamp:4)
  10 fire dragons
  A rakshasa (D:15)
  9 great orbs of eyes
  3 vault guards (Vaults:1)
  7 hydras
  3 peacekeepers
  3 spriggan air magi (Depths:2)
  3 ice dragons
  A jorogumo (Spider:4)
  A radroach (Spider:4)
  2 boulder beetles
  3 ironbound frosthearts
  5 alligators
  4 centaur warriors (Vaults:2)
  17 dancing weapons
  A death yak (Lair:5)
  An alligator (shapeshifter) (Depths:3)
  A tengu warrior (Depths:1)
  A deep troll shaman (Depths:2)
  2 deep troll earth magi
  The ghost of bmj180 the Frost Mage, a novice MfIE of Vehumet (D:8)
  4 spriggan berserkers
  A spectral emperor scorpion (Spider:4)
  11 hell knights
  2 deep elf knights (Elf:1)
  4 iron trolls
  A pharaoh ant (Spider:4)
  12 deep trolls
  An orb spider (Spider:2)
  8 swamp dragons
  A flayed ghost (Depths:1)
  An orange crystal statue (D:14)
  6 steelbarb worms
  6 deep elf archers
  3 bog bodies
  A glowing orange brain (Slime:3)
  An ironbound convoker (Vaults:2)
  3 deep elf pyromancers
  6 necromancers
  5 lindwurms
  7 deep elf zephyrmancers
  A wizard (Vaults:2)
  2 orc knights
  2 orc sorcerers (Orc:2)
  A spectral wolf spider (Spider:4)
  9 ugly things
  5 wolf spiders
  A frost giant zombie (Depths:1)
  8 shining eyes
  3 manticores
  6 moths of wrath
  2 will-o-the-wisps
  A stone giant zombie (Depths:1)
  4 cyclopes
  A rust devil (D:11)
  2 torpor snails
  3 vault sentinels
  2 cane toads
  An orange demon (D:15)
  2 eyes of devastation
  An efreet (D:13)
  4 yaktaurs
  3 komodo dragons
  A freezing wraith (IceCv)
  An anaconda simulacrum (IceCv)
  3 red devils (D:13)
  A troll (D:10)
  5 tarantellas
  5 hornets
  2 jumping spiders
  A water elemental (Elf:1)
  An air elemental (Elf:1)
  42 slime creatures
  2 culicivoras
  7 spriggans
  11 yaks
  3 basilisks
  4 golden eyes
  3 fire elementals
  A hog (D:15)
  A nameless horror (Elf:3)
  2 neqoxecs
  A vampire mosquito (D:12)
  7 redbacks
  A spectral entropy weaver (Spider:4)
  A swamp worm (Swamp:4)
  12 water moccasins
  A swamp drake (Swamp:1)
  An ice beast (D:6)
  A sky beast (D:6)
  5 orc warriors
  An ogre (D:5)
  2 kobold brigands
  9 bullfrogs
  A gnoll sergeant (D:8)
  3 earth elementals
  3 wights
  A hound (D:10)
  3 orc wizards
  A hell rat (Lair:1)
  2 gnolls
  15 orcs
  A jackal (D:5)
  5 kobolds
  A foxfire (Lair:3)
595 creatures vanquished.

Vanquished Creatures (others)
  A quicksilver dragon (Zot:2)
  33 eldritch tentacles
  A yaktaur captain (Vaults:2)
  A dancing weapon (Elf:1)
  A deep elf zephyrmancer (Elf:2)
  2 moths of wrath (Zot:3)
  A cyclops (D:15)
  2 yaktaurs (Vaults:1)
  A culicivora (Spider:1)
  A ynoxinul (Depths:3)
  A human (D:15)
  An orc warrior (Elf:1)
  An orc priest (Orc:2)
  28 knights
  2 orc wizards (Orc:2)
  An orc (Orc:1)
  2 fire vortices (Depths:1)
  753 foxfires
833 creatures vanquished.

Grand Total: 3004 creatures vanquished

Notes
Turn   | Place    | Note
-------+----------+-------------------------------------------
     0 | D:1      | PaperRat the Djinni Fire Elementalist began the quest for
                  | the Orb.
     0 | D:1      | PaperRat set off with the following spells memorised:
                  | Foxfire, Scorch, Volatile Blastmotes, Inner Flame, Flame
                  | Wave.
     0 | D:1      | Reached XP level 1. HP: 15/15 MP: 0/0
   237 | D:1      | Reached XP level 2. HP: 19/21 MP: 0/0
   519 | D:1      | Reached skill level 1 in Fighting
   523 | D:1      | Reached XP level 3. HP: 26/27 MP: 0/0
   523 | D:1      | Learned a level 1 spell: Kiss of Death
  1324 | D:2      | Noticed Jessica
  1406 | D:2      | Killed Jessica
  1407 | D:2      | Reached XP level 4. HP: 28/33 MP: 0/0
  1814 | D:3      | Identified the +0 pair of gloves of Spring Thaw {Harm +Inv
                  | rF- Will+++}
  1973 | D:3      | Found a hazy altar of Hepliaklqana.
  1981 | D:3      | Became a worshipper of Hepliaklqana the Forgotten
  2098 | D:3      | Reached XP level 5. HP: 35/38 MP: 0/0
  2098 | D:3      | Learned a level 2 spell: Lesser Beckoning
  2623 | D:3      | Reached skill level 1 in Evocations
  2681 | D:3      | Reached XP level 6. HP: 32/45 MP: 0/0
  3321 | D:4      | Reached XP level 7. HP: 44/50 MP: 0/0
  3321 | D:4      | Learned a level 2 spell: Passwall
  3580 | D:4      | Reached * piety under Hepliaklqana
  3991 | D:5      | Entered Level 5 of the Dungeon
  4363 | D:5      | Reached skill level 5 in Spellcasting
  4363 | D:5      | Reached skill level 5 in Conjurations
  4363 | D:5      | Reached skill level 5 in Hexes
  4363 | D:5      | Reached skill level 5 in Summonings
  4363 | D:5      | Reached skill level 5 in Necromancy
  4363 | D:5      | Reached skill level 5 in Translocations
  4363 | D:5      | Reached skill level 5 in Transmutations
  4363 | D:5      | Reached skill level 5 in Fire Magic
  4363 | D:5      | Reached skill level 5 in Ice Magic
  4363 | D:5      | Reached skill level 5 in Air Magic
  4363 | D:5      | Reached skill level 5 in Earth Magic
  4363 | D:5      | Reached skill level 5 in Poison Magic
  4641 | D:5      | Reached XP level 8. HP: 46/52 MP: 0/0
  4674 | D:5      | Reached ** piety under Hepliaklqana
  4675 | D:5      | Remembered your ancestor Doppler as a knight
  4719 | D:5      | Found a stormy altar of Qazlal.
  4722 | D:5      | Found a glowing golden altar of the Shining One.
  4728 | D:5      | Found a snail-covered altar of Cheibriados.
  5171 | D:6      | Reached skill level 5 in Fighting
  5355 | D:6      | Noticed a two-headed ogre
  5364 | D:6      | Killed a two-headed ogre
  5365 | D:6      | Reached skill level 5 in Dodging
  5365 | D:6      | Reached XP level 9. HP: 47/59 MP: 0/0
  5365 | D:6      | Learned a level 3 spell: Teleport Other
  6025 | D:7      | Reached *** piety under Hepliaklqana
  6068 | D:7      | Found Kaot's Magic Scroll Shoppe.
  6088 | D:7      | Bought a scroll of enchant armour for 97 gold pieces
  6088 | D:7      | Bought a scroll of revelation for 97 gold pieces
  6088 | D:7      | Bought a scroll of immolation for 52 gold pieces
  6088 | D:7      | Bought a scroll of butterflies for 52 gold pieces
  6088 | D:7      | Bought a scroll of identify for 26 gold pieces
  6088 | D:7      | Bought a scroll of teleportation for 39 gold pieces
  6152 | D:7      | Found a staircase to the Ecumenical Temple.
  6171 | Temple   | Entered the Ecumenical Temple
  6175 | Temple   | Reached skill level 1 in Invocations
  6324 | Temple   | Reached XP level 10. HP: 58/68 MP: 0/0
  6726 | D:8      | Found Hidiekutz's Armour Shoppe.
  6800 | D:8      | Found the +3 pair of gauntlets of War {Slay+5}
  6898 | D:8      | Found a runed translucent gate.
  6898 | D:8      | Found a runed translucent gate.
  6898 | D:8      | Found a runed translucent gate.
  6899 | D:8      | Noticed a white ugly thing
  6899 | D:8      | Noticed a glowing orange brain
  6900 | D:8      | Noticed a green ugly thing
  6901 | D:8      | Noticed a cyan ugly thing
  7546 | D:9      | Found Dekunwao's Tremendous Tomes.
  7950 | D:9      | Reached **** piety under Hepliaklqana
  7960 | D:9      | Reached skill level 5 in Evocations
  8535 | D:9      | Reached XP level 11. HP: 52/73 MP: 0/0
  8535 | D:9      | Learned a level 4 spell: Summon Ice Beast
  8909 | D:10     | Entered Level 10 of the Dungeon
  8994 | D:10     | Found a staircase to the Orcish Mines.
  9010 | D:10     | Found a runed translucent door.
  9010 | D:10     | Noticed a sixfirhy
  9556 | D:10     | Found a staircase to the Lair.
  9909 | Lair:1   | Entered Level 1 of the Lair of Beasts
 10046 | Lair:1   | Reached skill level 1 in Armour
 10366 | Lair:1   | Reached skill level 10 in Fighting
 10848 | Lair:1   | Reached XP level 12. HP: 77/81 MP: 0/0
 10966 | Lair:1   | Reached ***** piety under Hepliaklqana
 11682 | Lair:2   | Reached skill level 5 in Invocations
 11918 | Lair:2   | Found a hole to the Spider Nest.
 12611 | Lair:3   | Noticed a seven-headed hydra
 12618 | Lair:3   | Killed a seven-headed hydra
 12777 | Lair:3   | Identified the +0 flail of the Egg {protect, rElec rF+
                  | Int-3}
 12877 | Lair:3   | Found a staircase to the Swamp.
 12949 | Lair:3   | Noticed a seven-headed hydra
 12959 | Lair:3   | Killed a seven-headed hydra
 12971 | Lair:3   | Noticed a seven-headed hydra
 12980 | Lair:3   | Killed a seven-headed hydra
 13005 | Lair:3   | Reached XP level 13. HP: 65/86 MP: 0/0
 13005 | Lair:3   | Learned a level 5 spell: Fireball
 14399 | Lair:4   | Noticed an eight-headed hydra
 14409 | Lair:4   | Killed an eight-headed hydra
 14675 | Lair:4   | Noticed Sonja
 14713 | Lair:4   | Sonja changed into Sonja the ogre
 14713 | Lair:4   | Noticed Sonja
 14719 | Lair:4   | Killed Sonja the ogre
 15131 | Lair:4   | Found a staircase to the Slime Pits.
 15600 | Lair:5   | Entered Level 5 of the Lair of Beasts
 15781 | Lair:5   | Reached skill level 1 in Shields
 15805 | Lair:5   | Reached skill level 10 in Dodging
 16079 | Lair:5   | Noticed a catoblepas
 16086 | Lair:5   | Killed a catoblepas
 16087 | Lair:5   | Reached XP level 14. HP: 80/94 MP: 0/0
 16434 | Lair:5   | Reached skill level 10 in Spellcasting
 16434 | Lair:5   | Reached skill level 10 in Conjurations
 16434 | Lair:5   | Reached skill level 10 in Hexes
 16434 | Lair:5   | Reached skill level 10 in Summonings
 16434 | Lair:5   | Reached skill level 10 in Necromancy
 16434 | Lair:5   | Reached skill level 10 in Translocations
 16434 | Lair:5   | Reached skill level 10 in Transmutations
 16434 | Lair:5   | Reached skill level 10 in Fire Magic
 16434 | Lair:5   | Reached skill level 10 in Ice Magic
 16434 | Lair:5   | Reached skill level 10 in Air Magic
 16434 | Lair:5   | Reached skill level 10 in Earth Magic
 16434 | Lair:5   | Reached skill level 10 in Poison Magic
 17288 | Lair:5   | Reached skill level 5 in Shields
 17534 | Lair:5   | Identified the ring "Eliz" {Fly rElec rC+ Will- Str+6}
 18056 | D:8      | Found a runed translucent gate.
 18056 | D:8      | Found a runed translucent gate.
 18058 | D:8      | Found a runed translucent gate.
 18061 | D:8      | Noticed bmj180's ghost (novice MfIE)
 18098 | D:8      | Killed bmj180's ghost
 18399 | Orc:1    | Entered Level 1 of the Orcish Mines
 19218 | Orc:2    | Entered Level 2 of the Orcish Mines
 19218 | Orc:2    | Found a staircase to the Elven Halls.
 19219 | Orc:2    | Noticed Rupert
 19229 | Orc:2    | Killed Rupert
 19881 | Orc:2    | Reached XP level 15. HP: 62/102 MP: 0/0
 19881 | Orc:2    | Learned a level 6 spell: Dispersal
 20156 | Orc:2    | Found Volu's Armour Shoppe.
 20737 | Orc:2    | Found Ella's Distillery.
 20737 | Orc:2    | Found Mutrux's Magic Scroll Emporium.
 20739 | Orc:2    | Found Mituti's Jewellery Emporium.
 20739 | Orc:2    | Found Miz Geep's Antique Armour Shop.
 20750 | Orc:2    | Bought a potion of heal wounds for 85 gold pieces
 20809 | Orc:2    | Bought an amulet of regeneration for 420 gold pieces
 20819 | Orc:2    | Bought a runed buckler for 240 gold pieces
 21158 | D:11     | Reached ****** piety under Hepliaklqana
 21160 | D:11     | Identified the +6 triple sword of Wosch {heavy, rC+ Str-2
                  | Int+4}
 21229 | D:11     | Identified the +3 quarterstaff "Lifebane" {vamp, *Rage
                  | +Blink SInv}
 21260 | D:11     | Noticed a sphinx
 21264 | D:11     | Killed a sphinx
 21935 | Orc:2    | Bought the ring "Wayx" {Will+ rCorr MP+9 SInv} for 729 gold
                  | pieces
 22056 | D:12     | Noticed Shym's ghost (journeyman DgFi)
 22056 | D:12     | Noticed a lich
 22115 | D:12     | Found a runed translucent door.
 22120 | D:12     | Found a runed translucent door.
 22507 | D:12     | Found Saewkakk's Antique Armour Emporium.
 22981 | D:12     | Killed Shym's ghost
 22985 | D:12     | Killed a lich
 23211 | Orc:2    | Bought a potion of heal wounds for 85 gold pieces
 23211 | Orc:2    | Bought a potion of heal wounds for 85 gold pieces
 23724 | D:13     | Found a portal to a secret trove of treasure.
 23736 | D:13     | Identified the +3 quarterstaff of the Telling Gods {holy,
                  | *Rage +Blink Will++}
 23837 | D:13     | Found a gate to the Vaults.
 24064 | D:14     | Reached XP level 16. HP: 90/111 MP: 0/0
 24248 | D:14     | You are sucked into a shaft and drop 1 floor!
 24248 | D:15     | Entered Level 15 of the Dungeon
 24300 | D:15     | Reached skill level 15 in Fighting
 24327 | D:15     | Noticed Kirke
 24333 | D:15     | Reached skill level 5 in Armour
 24335 | D:15     | Killed Kirke
 24435 | D:14     | Found a gateway to a bazaar.
 24886 | D:15     | Found a staircase to the Depths.
 25047 | D:15     | Found a sacrificial altar of Ru.
 25191 | D:15     | Identified the +3 leather armour "Winure" {Rampage rC+
                  | Will+ Int+2}
 25432 | Spider:1 | Entered Level 1 of the Spider Nest
 25547 | Spider:1 | Noticed Nikola
 25603 | Spider:1 | Killed Nikola
 25733 | Spider:1 | Identified the +9 falchion "X" {heavy, rElec rC+ Str+3
                  | Int+4}
 25961 | Spider:1 | Noticed Roxanne
 25983 | Spider:1 | Killed Roxanne
 26064 | Spider:2 | Noticed an emperor scorpion
 26073 | Spider:2 | Killed an emperor scorpion
 26190 | Spider:2 | Reached XP level 17. HP: 103/118 MP: 0/0
 26190 | Spider:2 | Learned a level 7 spell: Malign Gateway
 26416 | Spider:2 | Reached skill level 10 in Evocations
 26442 | Spider:2 | Noticed Azrael
 26451 | Spider:2 | Killed Azrael
 27847 | Spider:4 | Entered Level 4 of the Spider Nest
 27847 | Spider:4 | Noticed muxecoid's ghost (adept GnEE)
 27847 | Spider:4 | Found a transporter.
 27955 | Spider:4 | Found a frozen archway.
 27993 | IceCv    | Entered an ice cave
 28025 | IceCv    | Found a transporter.
 28038 | IceCv    | Found a transporter.
 28075 | IceCv    | Identified the +2 broad axe "Gaok" {vamp, rC+}
 28264 | Spider:4 | Reached XP level 18. HP: 79/126 MP: 0/0
 28355 | Spider:4 | Identified the +7 mace of Ysujun {flame, rN+}
 28395 | Spider:4 | Found a transporter.
 28999 | Spider:4 | Got a gossamer rune of Zot
 29181 | Spider:4 | Killed muxecoid's ghost
 29188 | Spider:4 | Identified the +2 plate armour "Onkint" {rC+ Slay+2}
 29350 | Swamp:1  | Entered Level 1 of the Swamp
 29350 | Swamp:1  | Noticed Jorgrun
 29361 | Lair:3   | Killed Jorgrun
 29397 | Swamp:1  | Reached skill level 1 in Long Blades
 29960 | Swamp:2  | Found the +3 pair of seven-league boots {Rampage+∞}
 29989 | Swamp:2  | Reached XP level 19. HP: 92/134 MP: 0/0
 29989 | Swamp:2  | Learned a level 7 spell: Monstrous Menagerie
 30610 | Swamp:3  | Found a sparkling altar of Nemelex Xobeh.
 30743 | Swamp:3  | Reached skill level 15 in Dodging
 30991 | Swamp:4  | Entered Level 4 of the Swamp
 31063 | Swamp:4  | Noticed Donald
 31068 | Swamp:4  | Killed Donald
 31315 | Swamp:4  | Reached skill level 5 in Long Blades
 31606 | Swamp:4  | Got a decaying rune of Zot
 32157 | Elf:1    | Entered Level 1 of the Elven Halls
 32181 | Elf:1    | Paralysed by an air elemental for 1 turns
 32473 | Elf:1    | Found Fuytenech's Book Emporium.
 32487 | Elf:1    | Identified the +10 dagger "Juesajog" {freeze, Int+4}
 32499 | Elf:1    | Reached XP level 20. HP: 52/141 MP: 0/0
 32659 | Elf:1    | Found a runed translucent gate.
 32659 | Elf:1    | Found a runed translucent gate.
 32659 | Elf:1    | Found a runed translucent gate.
 32659 | Elf:1    | Found a runed translucent gate.
 32659 | Elf:1    | Found a runed translucent gate.
 32661 | Elf:1    | Found a runed translucent gate.
 32861 | Elf:1    | Identified the +5 spear "Xuklumel" {speed, Will- Int+6
                  | Dex+5}
 33125 | Elf:1    | You are sucked into a shaft and drop 1 floor!
 33682 | Bazaar   | Entered a bazaar
 33682 | Bazaar   | Found Noobbedd's Jewellery Shoppe.
 33687 | Bazaar   | Found Kimni's Antique Armour Shop.
 33690 | Bazaar   | Found Xuleit's Book Boutique.
 33693 | Bazaar   | Found Noaddor's Weapon Shoppe.
 33863 | D:7      | Bought a scroll of butterflies for 52 gold pieces
 33975 | Orc:2    | Bought the +3 warlock's mirror {omnireflect} for 1280 gold
                  | pieces
 33975 | Orc:2    | Found the +3 warlock's mirror {omnireflect}
 33989 | Orc:2    | Bought a potion of heal wounds for 85 gold pieces
 33994 | Orc:2    | Bought a scroll of fog for 52 gold pieces
 34135 | Elf:2    | Found a runed translucent door.
 34170 | Elf:2    | Found a runed translucent door.
 34601 | Elf:3    | Entered Level 3 of the Elven Halls
 35309 | Elf:3    | Identified a scroll of acquirement
 35310 | Elf:3    | Acquired 554 gold pieces
 35510 | Elf:3    | Found a runed translucent door.
 35570 | Elf:3    | Reached skill level 15 in Spellcasting
 35570 | Elf:3    | Reached skill level 15 in Conjurations
 35570 | Elf:3    | Reached skill level 15 in Hexes
 35570 | Elf:3    | Reached skill level 15 in Summonings
 35570 | Elf:3    | Reached skill level 15 in Necromancy
 35570 | Elf:3    | Reached skill level 15 in Translocations
 35570 | Elf:3    | Reached skill level 15 in Transmutations
 35570 | Elf:3    | Reached skill level 15 in Fire Magic
 35570 | Elf:3    | Reached skill level 15 in Ice Magic
 35570 | Elf:3    | Reached skill level 15 in Air Magic
 35570 | Elf:3    | Reached skill level 15 in Earth Magic
 35570 | Elf:3    | Reached skill level 15 in Poison Magic
 35624 | Elf:3    | Reached skill level 10 in Long Blades
 35678 | Elf:3    | Reached XP level 21. HP: 116/146 MP: 0/0
 35678 | Elf:3    | Learned a level 8 spell: Summon Horrible Things
 35686 | Elf:3    | Identified the +6 mace of Infinite Pain {vamp, rF+}
 35748 | Elf:3    | Identified the +3 great sword of the Spheres {freeze,
                  | *Corrode Will+ Str+3 Dex+3}
 35748 | Elf:3    | Identified the ring of Nulythrol {rElec rN+ Will+++ rCorr
                  | Str-3}
 35769 | Elf:3    | Identified the +4 dire flail "Trog's Scorn" {holy, rN+
                  | Dex+4}
 35781 | Elf:3    | Identified the +6 chain mail of Nihilism {Rampage Str+3
                  | Int+3}
 35935 | Elf:3    | Identified the +7 orcbow "Ovexoteg" {flame, *Slow rPois
                  | rN++ rCorr}
 36623 | Vaults:1 | Entered Level 1 of the Vaults
 38283 | D:12     | Bought a creamy pearl robe for 193 gold pieces
 38283 | D:12     | Identified the +1 robe of Zin's Grace {rC+ rN+} (You bought
                  | it in a shop on level 12 of the Dungeon)
 38420 | Orc:2    | Bought the ring "Jylub" {rF+ rC+ Str+3 Dex+5 Slay-6} for
                  | 428 gold pieces
 38423 | Orc:2    | Bought 2 potions of curing for 102 gold pieces
 38423 | Orc:2    | Bought a potion of haste for 170 gold pieces
 38423 | Orc:2    | Bought a potion of brilliance for 68 gold pieces
 38428 | Orc:2    | Bought a scroll of immolation for 52 gold pieces
 38428 | Orc:2    | Bought a scroll of immolation for 52 gold pieces
 38723 | Vaults:2 | Reached XP level 22. HP: 139/153 MP: 0/0
 38763 | Vaults:2 | Acquired 719 gold pieces
 39280 | Vaults:2 | Found Ankapn's Distillery.
 39407 | Vaults:2 | Bought a potion of brilliance for 80 gold pieces
 39407 | Vaults:2 | Bought a potion of invisibility for 160 gold pieces
 39407 | Vaults:2 | Bought a potion of brilliance for 80 gold pieces
 39407 | Vaults:2 | Bought a potion of mutation for 160 gold pieces
 39407 | Vaults:2 | Bought a potion of haste for 200 gold pieces
 39845 | Vaults:2 | Found a staircase to the Crypt.
 39947 | Vaults:3 | Found Fupsoem's Antique Weapon Boutique.
 41324 | Vaults:4 | Noticed Aizul
 41333 | Vaults:4 | Killed Aizul
 41412 | Vaults:4 | Reached XP level 23. HP: 148/160 MP: 0/0
 41412 | Vaults:4 | Learned a level 8 spell: Maxwell's Capacitive Coupling
 41509 | Vaults:4 | Noticed Xtahua
 41517 | Vaults:4 | Killed Xtahua
 42709 | Slime:1  | Entered Level 1 of the Pits of Slime
 44128 | Slime:4  | Gained mutation: You are dopey. (Int -2) [a shining eye]
 44482 | Slime:5  | Entered Level 5 of the Pits of Slime
 44641 | Slime:5  | Noticed the Royal Jelly
 44864 | Slime:5  | Found a viscous altar of Jiyva.
 44900 | Slime:5  | Reached XP level 24. HP: 167/167 MP: 0/0
 44931 | Slime:5  | Killed the Royal Jelly
 45095 | Slime:5  | Identified the +5 glaive of Causality {freeze, Str+3 Int+3
                  | Dex+2}
 45139 | Slime:5  | Got a slimy rune of Zot
 45157 | Slime:5  | Identified the +0 leather armour of Greed {Int+2}
 45216 | Slime:5  | Identified the +5 flail "Erofocs" {freeze, *Noise rC+++
                  | Dex+4}
 45566 | D:15     | Lost mutation: You are dopey. (Int -2) [potion of mutation]
 45566 | D:15     | Gained mutation: You have a pair of small antennae on your
                  | head. [potion of mutation]
 45566 | D:15     | Gained mutation: You are clumsy. (Dex -2) [potion of
                  | mutation]
 45566 | D:15     | Gained mutation: You have a somewhat thin skeletal
                  | structure. (Dex +2, Stealth+) [potion of mutation]
 45567 | D:15     | Lost mutation: You are clumsy. (Dex -2) [potion of
                  | mutation]
 45567 | D:15     | Lost mutation: You have a pair of small antennae on your
                  | head. [potion of mutation]
 45567 | D:15     | Gained mutation: A frigid envelope surrounds you and
                  | freezes all who hurt you. [potion of mutation]
 45567 | D:15     | Gained mutation: Your natural rate of healing is unusually
                  | fast. [potion of mutation]
 45584 | Depths:1 | Entered Level 1 of the Depths
 45624 | Depths:1 | Noticed a golden dragon
 45638 | Depths:1 | Noticed Mara
 45655 | Depths:1 | Killed Mara
 45683 | Depths:1 | Killed a golden dragon
 45809 | Depths:1 | Found a broken altar of Ashenzari.
 45810 | Depths:1 | Noticed Asterion
 45902 | Depths:1 | Killed Asterion
 46033 | Depths:1 | Found a gateway to Hell.
 46123 | Depths:1 | Noticed the Enchantress
 46133 | Depths:1 | Killed the Enchantress
 46461 | Depths:1 | Noticed a juggernaut
 46466 | Depths:1 | Killed a juggernaut
 46516 | Depths:1 | Reached skill level 10 in Invocations
 46568 | Depths:1 | Identified the +1 whip of Duty {pain, rC- Int+4 Dex+3
                  | Stlth+}
 46890 | Depths:2 | Found a one-way gate leading to the halls of Pandemonium.
 47161 | Depths:2 | Noticed Sojobo
 47170 | Depths:2 | Killed Sojobo
 47171 | Depths:2 | Reached skill level 10 in Armour
 47171 | Depths:2 | Reached XP level 25. HP: 112/173 MP: 0/0
 47171 | Depths:2 | Learned a level 9 spell: Fire Storm
 47521 | Depths:2 | Noticed Bai Suzhen
 47526 | Depths:2 | Killed Bai Suzhen
 47615 | Depths:2 | Noticed a juggernaut
 47623 | Depths:2 | Killed a juggernaut
 47710 | Depths:2 | Identified the +3 broad axe "Houpudut" {drain, Fly rPois
                  | Str+3}
 47857 | Depths:2 | Identified the +1 pair of gloves "Nekliq" {rElec Int+3}
 47889 | Depths:2 | Paralysed by a Zot trap for 2 turns
 48175 | Depths:3 | Noticed Margery
 48182 | Depths:3 | Killed Margery
 48267 | Depths:3 | Found a one-way gate to the infinite horrors of the Abyss.
 48950 | Depths:3 | Noticed Mennas
 48954 | Depths:3 | Reached XP level 26. HP: 180/180 MP: 0/0
 48968 | Depths:3 | Killed Mennas
 49368 | Depths:4 | Entered Level 4 of the Depths
 49577 | Depths:4 | Found a gate to the Realm of Zot.
 49694 | Depths:4 | Found a one-way gateway to a ziggurat.
 49907 | Depths:4 | Reached skill level 15 in Invocations
 50216 | Depths:4 | Found Bihyfuix's Book Shop.
 50216 | Depths:4 | Found Suarain's Jewellery Emporium.
 50217 | Depths:4 | Found Zaheut's Jewellery Emporium.
 51203 | Zot:1    | Entered Level 1 of the Realm of Zot
 51568 | Zot:1    | Found Xeujiga's Changing Room.
 51576 | Zot:1    | Bought a potion of mutation for 152 gold pieces
 52381 | Zot:2    | Reached XP level 27. HP: 184/184 MP: 0/0
 52381 | Zot:2    | Learned a level 9 spell: Shatter
 52436 | Zot:2    | Found a runed translucent gate.
 52437 | Zot:2    | Found a runed translucent gate.
 52438 | Zot:2    | Found a runed translucent gate.
 52438 | Zot:2    | Noticed Beuseq's ghost (master GnFi)
 52625 | Zot:2    | Noticed an orb of fire
 52629 | Zot:2    | Gained mutation: You are occasionally teleported next to
                  | monsters. [an orb of fire]
 52630 | Zot:2    | Killed an orb of fire
 52637 | Zot:2    | Lost mutation: You are occasionally teleported next to
                  | monsters. [potion of mutation]
 52637 | Zot:2    | Lost mutation: A frigid envelope surrounds you and freezes
                  | all who hurt you. [potion of mutation]
 52637 | Zot:2    | Gained mutation: You are agile. (Dex +4, Str/Int -1)
                  | [potion of mutation]
 52637 | Zot:2    | Gained mutation: Your spells are a little harder to cast,
                  | but a little more powerful. [potion of mutation]
 52637 | Zot:2    | Gained mutation: You are partially covered in iridescent
                  | scales. (AC +2) [potion of mutation]
 52678 | Zot:2    | Lost mutation: You are agile. (Dex +4, Str/Int -1) [potion
                  | of mutation]
 52678 | Zot:2    | Lost mutation: You have a somewhat thin skeletal structure.
                  | (Dex +2, Stealth+) [potion of mutation]
 52678 | Zot:2    | Gained mutation: You have hidden genetic potential. [potion
                  | of mutation]
 52678 | Zot:2    | Gained mutation: You have a pair of small horns on your
                  | head. [potion of mutation]
 52678 | Zot:2    | Lost mutation: Your spells are a little harder to cast, but
                  | a little more powerful. [potion of mutation]
 53001 | Orc:2    | Bought a +2 hat for 224 gold pieces
 54801 | Zot:3    | Noticed Grunn
 54819 | Zot:3    | Killed Grunn
 55211 | Zot:4    | Identified the ring of the Prince {Ice rN+ Will+ Slay+3
                  | SInv}
 55211 | Zot:4    | Noticed Josephina
 55215 | Zot:4    | Killed Josephina
 56068 | Zot:4    | Gained mutation: You expend health (3 HP) to strengthen
                  | your wands. [hidden potential]
 56170 | Zot:5    | Entered Level 5 of the Realm of Zot
 56934 | Zot:5    | Noticed an orb of fire
 56935 | Zot:5    | Gained mutation: You sometimes lose your temper in combat.
                  | [an orb of fire]
 56938 | Zot:5    | Killed an orb of fire
 56969 | Zot:5    | Lost mutation: Your natural rate of healing is unusually
                  | fast. [potion of mutation]
 56969 | Zot:5    | Lost mutation: You have hidden genetic potential. [potion
                  | of mutation]
 56969 | Zot:5    | Lost mutation: You sometimes lose your temper in combat.
                  | [potion of mutation]
 56969 | Zot:5    | Gained mutation: Your spells are a little harder to cast,
                  | but a little more powerful. [potion of mutation]
 57147 | Zot:5    | Noticed an orb of fire
 57153 | Zot:5    | Killed an orb of fire
 57155 | Zot:5    | Noticed an orb of fire
 57161 | Zot:5    | Killed an orb of fire
 57454 | Zot:5    | Noticed an orb of fire
 57457 | Zot:5    | Killed an orb of fire
 57782 | Zot:5    | Reached skill level 15 in Evocations
 57827 | Zot:5    | Noticed an orb of fire
 58317 | Zot:5    | Noticed a Killer Klown
 58321 | Zot:5    | Killed a Killer Klown
 58383 | Zot:5    | Noticed an orb of fire
 58391 | Zot:5    | Killed an orb of fire
 58511 | Zot:5    | Identified the +0 helmet "Goeckurr" {Will+}
 58557 | Zot:5    | Noticed a Killer Klown
 58567 | Zot:5    | Killed a Killer Klown
 58671 | Zot:5    | Noticed an orb of fire
 58678 | Zot:5    | Killed an orb of fire
 58723 | Zot:5    | Noticed an ancient lich
 58727 | Zot:5    | Killed an ancient lich
 58730 | Zot:5    | Noticed an orb of fire
 58732 | Zot:5    | Killed an orb of fire
 58738 | Zot:5    | Killed an orb of fire
 58792 | Zot:5    | Noticed an orb of fire
 58793 | Zot:5    | Gained mutation: You do not regenerate when monsters are
                  | visible. [an orb of fire]
 58797 | Zot:5    | Killed an orb of fire
 58798 | Zot:5    | Lost mutation: Your spells are a little harder to cast, but
                  | a little more powerful. [potion of mutation]
 58798 | Zot:5    | Lost mutation: You have a pair of small horns on your head.
                  | [potion of mutation]
 58798 | Zot:5    | Lost mutation: You do not regenerate when monsters are
                  | visible. [potion of mutation]
 58798 | Zot:5    | Gained mutation: Your natural rate of healing is unusually
                  | fast. [potion of mutation]
 58798 | Zot:5    | Gained mutation: You are frail. (-10% HP) [potion of
                  | mutation]
 58798 | Zot:5    | Gained mutation: You are somewhat resistant to further
                  | mutation. [potion of mutation]
 58862 | Zot:5    | Noticed an ancient lich
 58868 | Zot:5    | Killed an ancient lich
 58875 | Zot:5    | Noticed an orb of fire
 58881 | Zot:5    | Killed an orb of fire
 59236 | Zot:5    | Lost mutation: You expend health (3 HP) to strengthen your
                  | wands. [potion of mutation]
 59236 | Zot:5    | Lost mutation: You are partially covered in iridescent
                  | scales. (AC +2) [potion of mutation]
 59236 | Zot:5    | Gained mutation: Your flesh is almost immune to the effects
                  | of heat. (rF+++) [potion of mutation]
 59236 | Zot:5    | Gained mutation: You expend health (3 HP) to strengthen
                  | your wands. [potion of mutation]
 59237 | Zot:5    | Lost mutation: You are frail. (-10% HP) [potion of
                  | mutation]
 59237 | Zot:5    | Lost mutation: Your flesh is almost immune to the effects
                  | of heat. (rF+++) [potion of mutation]
 59237 | Zot:5    | Gained mutation: You are weak. (Str -2) [potion of
                  | mutation]
 59247 | Zot:5    | Got the Orb of Zot
 59378 | Depths:3 | Noticed Musses the pandemonium lord
 59561 | D:13     | Noticed Ohudanlor the pandemonium lord
 59849 | D:$      | Escaped with the Orb!

Illustrated notes

Levels and vault maps discovered:
D:1:      heliophobic_arrival_enchanted_forest, layout_rooms, nrook_mini_vaults,
          minmay_misc_feat_pillars, item_on_display_a
D:2:      wad_crossroads, layout_loops_cross, chequers_decorated_corner,
          serial_park_tiny_pond, dreamdust_princess_bridge,
          supply_closet_lemuel, hangedman_decor_points, uniq_jessica
D:3:      layout_basic, marbit_many_paths
D:4:      layout_cave_pods
D:5:      layout_gridville, grunt_temple_overflow_cloverleaf
D:6:      layout_basic
D:7:      layout_rooms, minmay_temple_entry_slanted, serial_shops,
          nicolae_shop_advertising_works [nicolae_subvault_shop_adworks],
          minivault_26
D:8:      layout_cave_pools, ploomutoo_gammafunk_ghost_potion_laboratory,
          serial_shops, nicolae_shop_tiny_glass, kennysheep_dice
D:9:      layout_loops_ring, hangedman_decor_lopped, moated_statue,
          kennysheep_path_1, grunt_decor_junction, nicolae_shop_i_like_big_books
D:10:     cheibrodos_shockbox, layout_loops_ring, erik_lair_island,
          dk_noncrumbling_4
D:11:     layout_gridville, minmay_the_grid_2x2 [minmay_the_grid_spin_star,
          minmay_the_grid_dragon_b, minmay_the_grid_zigzag_pyramid,
          minmay_the_grid_prize_diamond_cup]
D:12:     layout_stronghold, serial_shops, shop, muffindrake_ghost_dual_entry
D:13:     layout_roguey, hellmonk_vaults_attempted_burglary, enter_trove_0,
          grunt_ministairs_12, einodemon_armed_red_devil_minivault
D:14:     layout_basic, nicolae_two_hexagons, serial_shops, statue_bzr,
          nicolae_kikubaaqudgha_miasma_corner
D:15:     grunt_enter_depths_snipers, layout_cave_pools,
          nicolae_ru_awakened_eye, uniq_kirke
Temple:   bh_familiar_temple
Lair:1:   wad_woods_structure_01, layout_chaotic_city, infiniplex_staircase_pool
Lair:2:   layout_regular_city, dummy_spider_entry
Lair:3:   layout_cave_pods, swamp_mist_pool
Lair:4:   layout_cave_pods, slime_entry_1, grunt_megastairs_3, uniq_sonja
Lair:5:   evilmike_catoblepas_cave, layout_regular_city, serial_bayou_shore_a
Swamp:1:  layout_falls_marsh, hangedman_swamp_ruin_wall, uniq_jorgrun
Swamp:2:  layout_basic_swamp, nicolae_swamp_well_well_well
Swamp:3:  layout_basic_swamp, lemuel_altar_in_water, swamp_pool4
Swamp:4:  swamp_alternative, layout_basic_swamp, nicolae_swamp_stuck_in_the_mud,
          uniq_donald
Spider:1: layout_spider_delve, uniq_nikola, uniq_roxanne
Spider:2: layout_spider_delve, uniq_azrael
Spider:3: layout_spider_delve, nicolae_spider_nook
Spider:4: spider_rune_water, portal_ice_cave_entry_ice_statue_two,
          gammafunk_ghost_mausoleum
Slime:1:  layout_caves
Slime:2:  layout_caves, cheibrodos_slime_lost_civilization_6
Slime:3:  layout_caves, cheibrodos_slime_lost_civilization_4
Slime:4:  layout_caves, special_room [special_room_jelly]
Slime:5:  slime_pit_nicolae_trefoil
Orc:1:    layout_caves, basic_altar
Orc:2:    grunt_orc_tribal_feast, layout_caves, serial_shops,
          nicolae_lakefront_shop, nicolae_orc_tapped_out, uniq_rupert
Elf:1:    minmay_elf_arrival_plus, layout_onion_city, serial_shops, shop,
          orc_legates
Elf:2:    elven_hall_of_blades_hangedman_original
          [nicolae_blade_entry_splitting_headache], layout_geoelf_grid
Elf:3:    minmay_elf_hall_not_hex, layout_loops_corners, nicolae_danse_macabre
Vaults:1: nicolae_vaults_three_branches, nicolae_vaults_stairing_the_circle,
          nicolae_vaults_know_your_exits, ontoclasm_vaults_chip,
          nicolae_vaults_little_squares_1, nicolae_vaults_trapezoid_3,
          nicolae_vaults_storage_closets_2,
          nicolae_vaults_windows_and_doors_thing, vaults_room_pools,
          vaults_room_grunt_arrival_ludios, layout_vaults_omnigrid
Vaults:2: nicolae_vaults_wine_cellar, minmay_crypt_entry_simple_statues,
          v_pattern_5, nicolae_vaults_closet_pinwheel_3, vaults_room_door_ring,
          vaults_dpeg_ring, nicolae_vaults_ellipses_ellipsis,
          vaults_standard_mumra_x, ontoclasm_vaults_chip, vaults_dpeg_cross,
          nicolae_vaults_octothorpe, nicolae_vaults_offset_grid_hallway_3,
          nicolae_vaults_storage_room_glass, layout_vaults_omnibox,
          serial_shops, shop
Vaults:3: nicolae_vaults_offset_grid_hallway_4, v_misc_11, grunt_vaults_funnel,
          v_misc_28, v_misc_32, nicolae_vaults_library_corner,
          vaults_room_fours, nicolae_vaults_closet_pinwheel_5,
          ontoclasm_vaults_gateway, nicolae_vaults_little_ls,
          ontoclasm_vaults_twist, vaults_room_stairs_pillars,
          layout_vaults_ring, serial_shops, shop
Vaults:4: nicolae_vaults_network_quincunx
          [nicolae_vaults_network_quincunx_subvault,
          nicolae_vaults_network_quincunx_subvault,
          nicolae_vaults_network_quincunx_subvault,
          nicolae_vaults_network_quincunx_subvault,
          nicolae_vaults_network_quincunx_subvault],
          nicolae_vaults_offset_grid_hallway_1, nicolae_vaults_mitosis,
          v_rooms_5, nicolae_vaults_heart-shaped_vault,
          nicolae_vaults_gold_heap, vaults_room_fours, nicolae_vaults_alarming,
          vaults_room_semicircle, nicolae_vaults_tetromino_T_1,
          layout_vaults_chaotic_city, uniq_aizul, uniq_xtahua
Depths:1: minmay_concentric_multi, layout_small_grid, hangedman_coc_ice_floe,
          nicolae_ashenzari_panopticon, minmay_mirror_moons_of_madness,
          uniq_asterion, uniq_mara, uniq_enchantress
Depths:2: grunt_runaround [grunt_runaround_doors_1, grunt_runaround_doors_2,
          grunt_runaround_doors_3, grunt_runaround_doors_4,
          grunt_runaround_loot], pan_entry, hell_entry, uniq_bai_suzhen,
          uniq_sojobo
Depths:3: hellmonk_paralyzer, layout_honeycomb, abyss_entry,
          chequers_serial_rivers_room_a, hell_entry, rand_demon_pan_entry_5,
          minmay_starry_boxes, uniq_margery, uniq_mennas
Depths:4: grunt_zot_entry_funnels, layout_honeycomb, enter_ziggurat_b,
          pf_hell_entry_tar_spiral, abyss_entry, minmay_misc_feat_doors,
          minmay_shop_grove
Zot:1:    layout_onion, grunt_ministairs_13, nicolae_transmutations_shop,
          hangedman_zot_wheel_spokes, skrybe_zot_glass_1
Zot:2:    kennysheep_bubbly, layout_twisted_circle, gammafunk_ghost_split
Zot:3:    layout_gridlike, zot_minivault_2, grunt_megastairs_1, uniq_grunn
Zot:4:    hangedman_zot_vaults_quadrants, layout_concentric_octagons,
          uniq_josephina
Zot:5:    layout_gridlike, st_stairs_5

Skill      XL: |  1  2  3  4  5  6  7  8  9 10 11 12 13 14 15 16 17 18 19 20 21 22 23 24 25 26 27 |
---------------+----------------------------------------------------------------------------------+-----
Spellcasting   | 4 5 6 8 9 10 11 12 13 15 16 17 18 20 | 20.0
Conjurations   | 4 5 6 8 9 10 11 12 13 15 16 17 18 20 | 20.0
Hexes          | 4 5 6 8 9 10 11 12 13 15 16 17 18 20 | 20.0
Summonings     | 4 5 6 8 9 10 11 12 13 15 16 17 18 20 | 20.0
Necromancy     | 4 5 6 8 9 10 11 12 13 15 16 17 18 20 | 20.0
Translocations | 4 5 6 8 9 10 11 12 13 15 16 17 18 20 | 20.0
Transmutations | 4 5 6 8 9 10 11 12 13 15 16 17 18 20 | 20.0
Fire Magic     | 4 5 6 8 9 10 11 12 13 15 16 17 18 20 | 20.0
Ice Magic      | 4 5 6 8 9 10 11 12 13 15 16 17 18 20 | 20.0
Air Magic      | 4 5 6 8 9 10 11 12 13 15 16 17 18 20 | 20.0
Earth Magic    | 4 5 6 8 9 10 11 12 13 15 16 17 18 20 | 20.0
Poison Magic   | 4 5 6 8 9 10 11 12 13 15 16 17 18 20 | 20.0
Stealth        | 2 3 4 |  4.0
Fighting       | 1 2 3 4 6 8 10 11 13 14 15 16 17 18 19 20 | 20.0
Evocations     | 1 2 4 5 6 8 9 10 11 12 17 | 17.7
Dodging        | 3 5 6 7 8 10 11 13 14 16 17 18 19 20 | 20.0
Invocations    | 1 4 7 8 10 13 18 20 | 20.5
Armour         | 4 7 9 10 13 | 13.5
Shields        | 2 7 8 |  8.0
Long Blades    | 3 6 10 12 13 14 | 14.0

Action                     |  1- 3 |  4- 6 |  7- 9 | 10-12 | 13-15 | 16-18 | 19-21 | 22-24 | 25-27 || total
---------------------------+-------+-------+-------+-------+-------+-------+-------+-------+-------++-------
  Melee: Dagger            |     4 |     3 |     2 |    58 |     8 |       |       |       |       ||    75
         Punch             |       |       |       |     1 |       |       |       |       |       ||     1
         Staff             |       |       |       |       |    10 |     4 |       |       |       ||    14
         Falchion          |       |       |       |       |       |    13 |    26 |   213 |    91 ||   343
         Headbutt          |       |       |       |       |       |       |       |       |    13 ||    13
  Throw: Dart              |       |     1 |    10 |     9 |    16 |     2 |     1 |     1 |    15 ||    55
   Cast: Foxfire           |    56 |    64 |    90 |   132 |    81 |    16 |       |       |       ||   439
         Scorch            |     5 |    14 |    50 |   102 |    63 |    35 |       |       |       ||   269
         Volatile Blastmot |       |    10 |    12 |     4 |     4 |       |       |       |       ||    30
         Inner Flame       |       |     1 |       |    42 |   105 |   105 |       |       |       ||   253
         Flame Wave        |       |       |       |    12 |    15 |    24 |       |       |       ||    51
         Summon Ice Beast  |       |       |       |    24 |    28 |    25 |       |     3 |     1 ||    81
         Fireball          |       |       |       |       |   176 |   311 |   399 |   308 |   436 ||  1630
         Teleport Other    |       |       |       |       |     1 |     1 |       |       |       ||     2
         Passwall          |       |       |       |       |     1 |       |       |       |     1 ||     2
         Dispersal         |       |       |       |       |       |     1 |       |     7 |     3 ||    11
         Monstrous Menager |       |       |       |       |       |       |    62 |    93 |    19 ||   174
         Malign Gateway    |       |       |       |       |       |       |    10 |    18 |     8 ||    36
         Maxwell's Capacit |       |       |       |       |       |       |       |     1 |   195 ||   196
         Fire Storm        |       |       |       |       |       |       |       |       |     1 ||     1
         Summon Horrible T |       |       |       |       |       |       |       |       |     1 ||     1
 Invoke: Ancestor Identity |       |       |     1 |       |       |       |       |       |       ||     1
         Ancestor Life: Kn |       |       |     1 |       |       |       |       |       |       ||     1
         Transference      |       |       |       |       |     3 |     3 |     1 |     4 |     1 ||    12
         Recall Ancestor   |       |       |       |       |     3 |     7 |     2 |     5 |    13 ||    30
         Idealise          |       |       |       |       |     1 |     9 |     4 |    11 |     9 ||    34
  Evoke: Wand              |       |       |     3 |     2 |    17 |    33 |    11 |     7 |    20 ||    93
         Tin of tremorston |       |       |       |       |       |       |     3 |     4 |     3 ||    10
    Use: Scroll            |       |    10 |     4 |     3 |     4 |    14 |    13 |     8 |    11 ||    67
         Potion            |       |       |     1 |     2 |     2 |     9 |     3 |     8 |    17 ||    42
   Stab: Sleeping          |     1 |     1 |       |     1 |       |       |       |       |       ||     3
         Distracted        |       |       |       |       |       |       |       |     5 |     3 ||     8
 Armour: Robe              |     2 |     2 |     2 |    17 |    19 |       |       |       |       ||    42
         Leather armour    |       |       |       |       |       |    69 |    16 |    41 |    58 ||   184
  Dodge: Dodged            |     3 |     5 |    19 |    74 |    48 |   124 |    57 |   181 |   258 ||   769
         Repelled          |       |       |       |       |       |       |     4 |    15 |    27 ||    46
  Block: Kite shield       |       |       |       |       |    16 |       |       |       |       ||    16
         Buckler           |       |       |       |       |     7 |    54 |    20 |    91 |    80 ||   252
         Reflection        |       |       |       |       |       |       |     7 |    17 |       ||    24

Table legend: (Time is in decaauts)
 A = Elapsed time spent in this place.
 B = Non-inter-level travel time spent in this place.
 C = Inter-level travel time spent in this place.
 D = Time resting spent in this place.
 E = Time spent auto-exploring this place.
 F = Levels seen in this place.
 G = Mean time per level.
                   A        B        C        D        E       F      G
               +--------+--------+--------+--------+--------+-----+--------+
         Total |  59828 |  52818 |   7010 |  10637 |  26232 |  54 | 1107.9 |
       Dungeon |  16733 |  13857 |   2876 |   2789 |   6424 |  15 | 1115.5 |
        Temple |    185 |    185 |      0 |    172 |      0 |   1 |  185.0 |
          Lair |   8395 |   7535 |    860 |   2407 |   3511 |   5 | 1679.0 |
         Swamp |   2649 |   2532 |    117 |    457 |   1295 |   4 |  662.2 |
   Spider Nest |   3608 |   3385 |    223 |    832 |   1454 |   4 |  902.0 |
    Slime Pits |   2562 |   2380 |    182 |    461 |    728 |   5 |  512.4 |
  Orcish Mines |   3011 |   2225 |    786 |    939 |    837 |   2 | 1505.5 |
   Elven Halls |   3823 |   3637 |    186 |    593 |   1733 |   3 | 1274.3 |
        Vaults |   5641 |   5180 |    461 |    454 |   3579 |   4 | 1410.2 |
        Depths |   5857 |   5132 |    725 |    652 |   2684 |   4 | 1464.2 |
           Zot |   7198 |   6608 |    590 |    847 |   3986 |   5 | 1439.6 |
        Bazaar |     39 |     39 |      0 |      0 |      0 |   1 |   39.0 |
      Ice Cave |    119 |    119 |      0 |     32 |      0 |   1 |  119.0 |
               +--------+--------+--------+--------+--------+-----+--------+

Top non-repeatable levels by time:
   Zot:5: 2754 daAuts
  Lair:5: 1954 daAuts
    D:10: 1900 daAuts
  Lair:1: 1848 daAuts
   Elf:3: 1829 daAuts
   Orc:2: 1766 daAuts
Depths:4: 1672 daAuts
  Lair:4: 1623 daAuts
Vaults:1: 1619 daAuts
    D:11: 1554 daAuts
Vaults:4: 1529 daAuts
Depths:2: 1492 daAuts
  Lair:2: 1484 daAuts
  Lair:3: 1484 daAuts
     D:9: 1484 daAuts
